 Dungeon Crawl Stone Soup version 0.27-a0-406-g23f261fbd2 (webtiles) character file.

Game seed: 2169743834197561577

9363 vurker the Zephyrmancer (level 11, -6/67 HPs)
             Began as a Tengu Air Elementalist on Feb 22, 2021.
             Was an Elder of Vehumet.
             Hit by a silver javelin thrown by a tengu warrior (24 damage)
             ... on level 9 of the Dungeon.
             The game lasted 00:16:30 (9868 turns).

vurker the Zephyrmancer (Tengu Air Elementalist)    Turns: 9868, Time: 00:16:31

Health: -6/67      AC:  9    Str:  8    XL:     11   Next: 45%
Magic:  3/25       EV: 15    Int: 24    God:    Vehumet [****..]
Gold:   536        SH:  0    Dex: 16    Spells: 19/29 levels left

rFire    . . .     SeeInvis .   i - +1 short sword (venom)
rCold    . . .     Faith    .   (no shield)
rNeg     . . .     Spirit   .   l - +2 robe {Will+}
rPois    .         Reflect  .   (helmet restricted)
rElec    .         Harm     .   c - +0 cloak
rCorr    .         Rampage  .   (no gloves)
Will     +....                  (boots unavailable)
Stlth    ++........             h - amulet of magic regeneration
HPRegen  0.21/turn              p - +6 ring of intelligence
MPRegen  0.44/turn              B - +4 ring of protection

@: flying quickly and evasively, quick
A: beak, talons 3, able to fly
a: Stop Flying, Renounce Religion


You were on level 9 of the Dungeon.
You worshipped Vehumet.
Vehumet was greatly pleased with you.
You visited 2 branches of the dungeon, and saw 10 of its levels.

You collected 536 gold pieces.

Inventory:

Hand Weapons
 i - a +1 short sword of venom (weapon)
   (You took it off an orc on level 6 of the Dungeon)
Armour
 c - a +0 cloak (worn)
   (You found it on level 1 of the Dungeon)
 l - a +2 robe of willpower (worn)
   (You took it off a wight on level 6 of the Dungeon)
Jewellery
 e - a ring of positive energy
   (You found it on level 1 of the Dungeon)
 h - an amulet of magic regeneration (around neck)
   (You found it on level 2 of the Dungeon)
 n - a ring of wizardry
   (You found it on level 2 of the Dungeon)
 p - a +6 ring of intelligence (left hand)
   (You found it on level 2 of the Dungeon)
 B - a +4 ring of protection (right hand)
   (You found it on level 5 of the Dungeon)
Wands
 k - a wand of charming (12)
   (You found it on level 6 of the Dungeon)
 t - a wand of flame (18)
   (You found it on level 6 of the Dungeon)
 u - a wand of paralysis (11)
   (You found it on level 5 of the Dungeon)
 x - a wand of acid (14)
   (You found it on level 5 of the Dungeon)
Scrolls
 a - 4 scrolls of identify
 j - a scroll of blinking
 m - 4 scrolls of teleportation
 o - a scroll of enchant weapon
 s - 2 scrolls of amnesia
 v - 3 scrolls of magic mapping
Potions
 b - a potion of haste {unknown}
 d - a potion of flight {unknown}
 f - 2 potions of brilliance
 g - a potion of mutation {unknown}
 q - 4 potions of cancellation
 r - a potion of berserk rage {unknown}
 w - a potion of ambrosia
 z - 2 potions of magic
 A - 3 potions of lignification {unknown}
 D - a potion of might {unknown}
 E - a potion of curing
 F - a potion of heal wounds {unknown}


   Skills:
 + Level 7.2 Fighting
 - Level 2.1 Dodging
 - Level 2.0 Stealth
 * Level 9.9 Spellcasting
 - Level 8.0 Conjurations
 * Level 13.7 Air Magic


You had 19 spell levels left.
You knew the following spells:

 Your Spells              Type           Power        Failure   Level
a - Shock                 Conj/Air       100%         1%          1
b - Lightning Bolt        Conj/Air       29%          1%          5
c - Airstrike             Air            33%          1%          4

Your spell library contained the following spells:

 Spells                   Type           Power        Failure   Level
 Dazzling Flash           Conj/Hex       62%          1%          3
 Swiftness                Air            67%          1%          2
 Static Discharge         Conj/Air       59%          1%          3
 Beastly Appendage        Tmut           22%          5%          1
 Wereblood                Tmut           11%          9%          2
 Spider Form              Tmut/Pois      5%           16%         3
 Ice Form                 Ice/Tmut       11%          47%         4
 Blade Hands              Tmut           5%           83%         5


Dungeon Overview and Level Annotations

Branches:
Dungeon (9/15)             Temple (1/1) D:4             Orc (0/2) D:9
   Lair: D:8-11

Altars:
Gozag
Kikubaaqudgha
Sif Muna
Uskayaw
Vehumet
Wu Jian
Xom
Yredelemnul
Zin


Innate Abilities, Weirdness & Mutations

You have a beak for a mouth.
You have claws for feet.
You can fly continuously.


Message History

The tengu warrior throws a silver javelin.
The silver javelin closely misses you.
You hear a mighty clap of thunder!
The bolt of lightning misses the tengu warrior.
The bolt of lightning hits the tengu warrior!
You hear a mighty clap of thunder!
The bolt of lightning hits the jelly!
The tengu warrior throws a silver javelin.
The silver javelin misses you.
You hear a mighty clap of thunder!
The bolt of lightning misses the tengu warrior.
The bolt of lightning hits the tengu warrior!!
You don't have enough magic to cast this spell.
The tengu warrior throws a silver javelin.
The silver javelin pierces through you!
* * * LOW HITPOINT WARNING * * *
* * * LOW HITPOINT WARNING * * *
Aim: a tengu warrior, wielding a +0 great sword, wearing a +0 leather armour and quivering silver javelins (heavily wounded, 54% to evade)
The bolt of acid hits the tengu warrior.
The tengu warrior is splashed with acid.
The acid corrodes the tengu warrior!
The tengu warrior completely misses you.
The tengu warrior pecks you but does no damage.
The tengu warrior claws you.
* * * LOW HITPOINT WARNING * * *
Aim: a tengu warrior, wielding a +0 great sword, wearing a +0 leather armour and quivering silver javelins (severely wounded, covered in acid, 54% to evade)
The bolt of acid hits the jelly.
The jelly completely resists.
The bolt of acid misses the tengu warrior.
A two-headed ogre zombie comes into view.
The tengu warrior throws a silver javelin.
The silver javelin barely misses you.
The tengu warrior throws a silver javelin.
The silver javelin pierces through you.
* * * LOW HITPOINT WARNING * * *
* * * LOW HITPOINT WARNING * * *
Things that are here:
a +0 flail; a +0 robe; a +0 dagger of draining You see here a +0 vorpal hand axe.
The tengu warrior throws a silver javelin.
The silver javelin pierces through you but does no damage.
* * * LOW HITPOINT WARNING * * *
Things that are here:
a +0 chain mail; a +0 halberd
There is a stone staircase leading up here.
Aim: a tengu warrior, wielding a +0 great sword, wearing a +0 leather armour and quivering silver javelins (heavily wounded, 64% to evade)
You hear a mighty clap of thunder!
The bolt of lightning hits the tengu warrior!!
The tengu warrior throws a silver javelin.
The silver javelin pierces through you!!
You die...

#######.#.......####.........
#.................#####
###...............#....
#...............#....
#...............#....
#..)............#....
#....######)....#.... #....#
#.....#.... ####...@#
#.....'.... #.).....#
#...####### #......[#
#...#?)#..# #####...#
#...#[?'..' #...# #...##'#..#
#..)# #..###..... #)JQ#
#..#...$... #...# #..'##'#..#
#...######..'#)?QJ.'


You could see a tengu warrior and a jelly.

Vanquished Creatures
  A hydra (D:9)
  2 centaur warriors (D:9)
  An unseen horror (D:7)
  A deep elf pyromancer (D:9)
  2 ugly things
  A troll (D:7)
  A slime creature (D:9)
  A wraith (D:9)
  6 yaks
  A shadow (D:9)
  A water moccasin (D:9)
  4 orc warriors
  A sky beast (D:7)
  5 ice beasts
  3 ogres
  A centaur (D:8)
  A phantom (D:9)
  4 bullfrogs
  5 scorpions
  2 troll zombies (D:9)
  9 wights (D:6)
  4 howler monkeys
  A centaur zombie (D:7)
  9 hounds
  3 orc priests
  4 jellies
  3 bullfrog skeletons
  3 centaur skeletons
  7 orc wizards
  5 worker ants
  3 iguanas
  Natasha (thrice) (D:2)
  5 ogre zombies (D:9)
  4 gnolls (D:5)
  10 adders
  2 shadow imps (D:5)
  4 white imps
  4 ufetubi
  An ooze (D:7)
  An adder zombie (D:8)
  3 adder skeletons
  4 worms
  2 dart slugs
  9 leopard geckos
  22 orcs
  8 bats
  6 giant cockroaches
  7 goblins
  9 hobgoblins
  14 jackals
  4 quokkas
  4 ball pythons
  4 frilled lizards
  A goblin skeleton (D:9)
  2 goblin zombies (D:9)
  A hobgoblin skeleton (D:9)
  3 hobgoblin zombies (D:9)
  6 kobolds
  6 orc skeletons (D:9)
  11 orc zombies (D:9)
  A quokka skeleton (D:6)
  9 rats
265 creatures vanquished.

Vanquished Creatures (others)
  A human (D:2)
1 creature vanquished.

Grand Total: 266 creatures vanquished

Notes
Turn   | Place    | Note
-------+----------+-------------------------------------------
     0 | D:1      | vurker the Tengu Air Elementalist began the quest for the
                  | Orb.
     0 | D:1      | Reached XP level 1. HP: 10/10 MP: 4/4
   124 | D:1      | Reached XP level 2. HP: 8/15 MP: 0/6
   575 | D:1      | Reached XP level 3. HP: 19/20 MP: 1/7
  1419 | D:2      | Noticed Natasha
  1450 | D:2      | Reached skill level 1 in Fighting
  1550 | D:2      | Reached XP level 4. HP: 25/25 MP: 7/9
  1781 | D:2      | Reached skill level 5 in Air Magic
  1912 | D:2      | Killed Natasha
  2002 | D:2      | Noticed Natasha
  2007 | D:2      | Killed Natasha
  2008 | D:2      | Gained mutation: You can fly continuously. [Tengu growth]
  2008 | D:2      | Reached XP level 5. HP: 16/29 MP: 6/10
  2033 | D:2      | Noticed Natasha
  2037 | D:2      | Killed Natasha
  2167 | D:2      | Found an ancient bone altar of Kikubaaqudgha.
  2168 | D:2      | Noticed a human
  2170 | D:2      | Killed a human
  2228 | D:2      | Learned a level 5 spell: Lightning Bolt
  2233 | D:2      | Learned a level 4 spell: Airstrike
  2293 | D:3      | Found a basalt altar of Yredelemnul.
  2739 | D:4      | Found a staircase to the Ecumenical Temple.
  2756 | Temple   | Entered the Ecumenical Temple
  2770 | Temple   | Became a worshipper of Vehumet
  2838 | D:4      | Reached skill level 6 in Air Magic
  2838 | D:4      | Reached XP level 6. HP: 35/35 MP: 8/12
  2951 | D:4      | Found an ornate altar of the Wu Jian Council.
  3377 | D:5      | Entered Level 5 of the Dungeon
  3567 | D:5      | Noticed an ice beast
  3592 | D:5      | Reached XP level 7. HP: 33/40 MP: 11/14
  3594 | D:5      | Reached skill level 7 in Air Magic
  3692 | D:5      | Found an opulent altar of Gozag.
  3984 | D:5      | Reached * piety under Vehumet
  3984 | D:5      | Offered knowledge of Foxfire by Vehumet.
  4137 | D:5      | Reached skill level 5 in Spellcasting
  4137 | D:5      | Reached XP level 8. HP: 40/46 MP: 9/16
  4147 | D:5      | Reached skill level 8 in Air Magic
  4593 | D:6      | Reached skill level 5 in Conjurations
  5253 | D:6      | Reached ** piety under Vehumet
  5253 | D:6      | Offered knowledge of Freeze by Vehumet.
  5300 | D:6      | Reached skill level 9 in Air Magic
  5473 | D:6      | Reached XP level 9. HP: 52/52 MP: 7/19
  6266 | D:7      | Killed an unseen horror
  6266 | D:7      | Offered knowledge of Conjure Flame by Vehumet.
  6267 | D:7      | Reached skill level 10 in Air Magic
  6559 | D:7      | Noticed a green ugly thing
  6589 | D:7      | Killed a green ugly thing
  6590 | D:7      | Reached skill level 5 in Fighting
  6807 | D:7      | Noticed a troll
  6815 | D:7      | Killed a troll
  6816 | D:7      | Reached skill level 11 in Air Magic
  6816 | D:7      | Reached XP level 10. HP: 59/59 MP: 3/22
  6911 | D:7      | Reached *** piety under Vehumet
  8418 | D:9      | Noticed an eight-headed hydra
  8420 | D:9      | Noticed a purple ugly thing
  8421 | D:9      | Noticed a deep elf pyromancer
  8476 | D:9      | Offered knowledge of Fulminant Prism by Vehumet.
  8801 | D:9      | Noticed a centaur warrior
  8805 | D:9      | Killed a centaur warrior
  8806 | D:9      | Reached skill level 12 in Air Magic
  8857 | D:9      | Killed an eight-headed hydra
  8903 | D:9      | Reached **** piety under Vehumet
  8945 | D:9      | Killed a purple ugly thing
  9063 | D:9      | Offered knowledge of Dazzling Flash by Vehumet.
  9089 | D:9      | Reached XP level 11. HP: 66/66 MP: 12/25
  9094 | D:9      | Reached skill level 13 in Air Magic
  9349 | D:9      | Killed a deep elf pyromancer
  9434 | D:9      | Found a staircase to the Orcish Mines.
  9560 | D:9      | Noticed a centaur warrior
  9565 | D:9      | Killed a centaur warrior
  9838 | D:9      | Noticed a tengu warrior
  9868 | D:9      | Hit by a silver javelin thrown by a tengu warrior

Illustrated notes

Levels and vault maps discovered:
D:1:      dpeg_arrival_prison, layout_rooms
D:2:      layout_basic, tgw_kikubaaqudgha, uniq_natasha
D:3:      layout_basic, yredelemnul_altar_generic
D:4:      layout_cave_pools, pdpol_wu_jian_five_deadly_venoms,
          minmay_temple_entry_stoned_glass, lemuel_flame_loot_1
D:5:      minmay_opposing_rooms, layout_rooms,
          nicolae_gozag_cash_rules_everything_around_me
D:6:      layout_gridville
D:7:      cheibrodos_fzero, layout_gridville
D:8:      layout_cave_pods, enter_bailey_8, minmay_liquid_box, chequers_avenue
D:9:      layout_irregular_city, zombieorc2_lemuel, minivault_10, minivault_28
Temple:   regret_index_temple_chain_breaker

Skill      XL: |  1  2  3  4  5  6  7  8  9 10 11 |
---------------+----------------------------------+-----
Conjurations   | 2 3 4 6 8 |  8.0
Fighting       | 1 2 3 4 5 6 7 |  7.2
Air Magic      | 5 6 7 9 11 12 13 | 13.7
Spellcasting   | 3 4 5 6 7 9 |  9.9
Dodging        | |  2.1
Stealth        | |  2.0

Action                   |  1- 3 |  4- 6 |  7- 9 | 10-12 || total
-------------------------+-------+-------+-------+-------++-------
Melee: Unarmed           |     7 |       |       |       ||     7
       Kick              |     5 |       |     7 |       ||    12
       Dagger            |    10 |       |     3 |       ||    13
       Peck              |     2 |       |     3 |       ||     5
       Short sword       |       |       |    17 |     2 ||    19
 Cast: Shock             |    78 |   125 |   139 |    16 ||   358
       Airstrike         |       |     2 |    64 |   160 ||   226
       Lightning Bolt    |       |       |       |     9 ||     9
 Abil: Fly               |       |     1 |       |       ||     1
Evoke: Wand              |       |       |     3 |     2 ||     5
  Use: Scroll            |       |       |    13 |     3 ||    16
       Potion            |       |       |     1 |       ||     1
Armor: Robe              |     9 |     2 |    23 |    11 ||    45
Dodge: Dodged            |    15 |    12 |    43 |    31 ||   101

Table legend: (Time is in decaauts)
 A = Elapsed time spent in this place.
 B = Non-inter-level travel time spent in this place.
 C = Inter-level travel time spent in this place.
 D = Time resting spent in this place.
 E = Time spent auto-exploring this place.
 F = Levels seen in this place.
 G = Mean time per level.
                   A        B        C        D        E       F      G
               +--------+--------+--------+--------+--------+-----+--------+
         Total |   9435 |   9116 |    319 |    304 |   7423 |  10 |  943.5 |
       Dungeon |   9407 |   9109 |    298 |    304 |   7420 |   9 | 1045.2 |
        Temple |     27 |      7 |     20 |      0 |      3 |   1 |   27.0 |
               +--------+--------+--------+--------+--------+-----+--------+

Top non-repeatable levels by time:
     D:8: 1352 daAuts
     D:6: 1329 daAuts
     D:7: 1265 daAuts
     D:1: 1159 daAuts
     D:9: 1119 daAuts
     D:5: 1088 daAuts
     D:2: 1063 daAuts
     D:4: 528 daAuts
     D:3: 502 daAuts
  Temple: 27 daAuts
